 Dungeon Crawl Stone Soup version bcrawl-1.40.3b (webtiles) character file.

Game seed: 7306924639627051003

419033 Gatewing the Cleaver (level 11, -9/82 HPs)
             Began as a Demonspawn Gladiator on Dec 11, 2023.
             Was a Priest of Makhleb.
             Mangled by a very large slime creature (45 damage)
             ... on level 9 of the Dungeon on Dec 12, 2023.
             The game lasted 00:58:46 (7627 turns).

Gatewing the Cleaver (Demonspawn Gladiator)         Turns: 7627, Time: 00:58:46

Health: -9/82      AC: 15    Str: 20    XL:     11   Next: 5%
Magic:  11/11      EV: 12    Int:  9    God:    Makhleb [***...]
Gold:   318        SH:  0    Dex: 17    Spells: 10/10 levels left

rFire    + . .     GDR:     32% a - +2 war axe
rCold    + . .     SeeInvis .   (no shield)
rNeg     . . .     Gourm    .   w - +0 chain mail
rPois    +         Faith    .   v - +0 hat
rElec    .         Spirit   .   q - +1 cloak
rCorr    .         Reflect  .   K - +2 pair of gloves
MR       .....                  (no boots)
Stlth    ..........             z - amulet of regeneration
HPRegen  0.56/turn              j - ring of protection from cold
MPRegen  0.12/turn              s - ring of poison resistance

@: no status effects
A: horns 2, repulsion field 2, agile 1, fire resistance 1, powered by death 1,
strong 1
a: Minor Destruction, Hew, Renounce Religion


You were on level 9 of the Dungeon.
You worshipped Makhleb.
Makhleb was most pleased with you.
You were not hungry.

You visited 1 branch of the dungeon, and saw 9 of its levels.

You collected 733 gold pieces.
You spent 415 gold pieces at shops.

Inventory:

Hand Weapons
 a - a +2 war axe (weapon)
 f - a cursed -2 quarterstaff
 k - a +0 blowgun
 l - a +1 vampiric hand axe
 n - a +0 scythe
 H - a +0 arbalest
 O - a +2 dagger of electrocution
Missiles
 t - 634 poisoned needles (quivered)
 Q - 95 bolts
Armour
 c - a +0 helmet
 d - the +2 scale mail "Zooz" {+Fly rF- Int+4}
   (You found it on level 7 of the Dungeon)

   It affects your intelligence (+4).
   It makes you vulnerable to fire.
   It lets you fly.
 o - a scarf of stasis
 q - a +1 cloak (worn)
 v - a +0 hat (worn)
 w - a +0 chain mail (worn)
 y - a +0 buckler
 K - a +2 pair of gloves (worn)
Jewellery
 j - a ring of protection from cold (left hand)
 s - a ring of poison resistance (right hand)
 z - an amulet of regeneration (around neck)
Wands
 r - a wand of acid (4)
 L - a wand of random effects (3)
 M - a wand of digging (12)
 P - a wand of flame (19)
Scrolls
 b - 4 scrolls of revelation {unknown}
 i - a scroll of enchant armour {unknown}
 p - 2 scrolls of immolation
 C - a scroll of fog
 D - 3 scrolls of remove curse
 E - a scroll of blinking {unknown}
 G - a scroll of fear {unknown}
 J - a scroll of teleportation
Potions
 g - 2 potions of cancellation
 h - 2 potions of curing
 m - 3 potions of ambrosia {unknown}
 u - a potion of haste {unknown}
 x - 2 potions of brilliance
 A - 4 potions of heal wounds
 B - a potion of flight
 F - a potion of berserk rage {unknown}
 N - a potion of agility {unknown}
Comestibles
 e - 16 rations {!d}
 I - 15 chunks of flesh


   Skills:
 + Level 6.3 Fighting
 - Level 13.8 Axes
 - Level 1.7 Throwing
 + Level 4.5 Armour
 - Level 2.6 Dodging


You had 10 spell levels left.
You didn't know any spells.
Your spell library was empty.

Dungeon Overview and Level Annotations

Branches:
Dungeon (9/12)             Temple (0/1) D:5            Lair (0/6) D:7
    Orc: D:8-11

Altars:
Ashenzari
Cheibriados
Dithmenos
Gozag
Lugonu
Makhleb
Qazlal
Trog
Vehumet
Wu Jian
Xom
Yredelemnul

Shops:
D:4 !   D:5 *   D:6 %[[?!

Annotations:
D:5 2 transporters, Wachungys's ghost, novice NaVM


Innate Abilities, Weirdness & Mutations

You have a pair of horns on your head.
You are surrounded by a moderate repulsion field. (EV +3)
You regenerate a little health from kills.
You are agile. (Dex +2)
Your flesh is heat resistant. (rF+)
Your muscles are strong. (Str +2)


Message History

The very large slime creature is moderately wounded.
You slash the very large slime creature!
The very large slime creature is moderately wounded.
The very large slime creature hits you!!!
Ouch! That really hurt!
You slash the very large slime creature!
You headbutt the very large slime creature!
The very large slime creature is heavily wounded.
You barely miss the very large slime creature.
You headbutt the very large slime creature.
The very large slime creature is heavily wounded.
The very large slime creature misses you.
You slash the very large slime creature!
The very large slime creature is heavily wounded.
You hit the very large slime creature.
You headbutt the very large slime creature!
The very large slime creature is heavily wounded.
The very large slime creature hits you!!!
Ouch! That really hurt!
You die...

#####
....####################
.......................#
...################.####
.....# #..J@......#
.#.#.# .......#####..###
...#.# ....... #..#
...#.#.......J #..#
.......>..[... #..#
.###.#........ #..# .#
.# ....... #..# ## #
##..... #..#


You could see a very large slime creature.

Vanquished Creatures
  Psyche (D:8)
  A centaur warrior (D:9)
  A yaktaur (D:9)
  A slime creature (D:9)
  A harpy skeleton (D:8)
  Prince Ribbit (D:7)
  2 hippogriffs
  A yak (D:7)
  Sigmund (D:2)
  4 hogs (D:7)
  A human (D:7)
  2 hungry ghosts (D:7)
  A harpy simulacrum (D:9)
  3 porcupines (D:7)
  4 orc warriors
  2 sky beasts
  A necrophage (D:7)
  2 black bears (D:7)
  3 ogres
  A phantom (D:5)
  11 bullfrogs
  2 centaurs
  A water moccasin zombie (D:6)
  4 scorpions
  8 killer bees
  2 orc priests (D:4)
  3 howler monkeys
  8 crimson imps
  A quasit (D:7)
  2 jellies
  4 hounds
  3 bullfrog skeletons
  2 iguanas
  4 orc wizards
  8 worker ants
  A hound skeleton (D:5)
  2 worker ant zombies
  Robin (D:3)
  10 adders
  2 howler monkey skeletons
  2 shadow imps (D:5)
  2 oozes (D:3)
  An adder zombie (D:6)
  8 worms
  3 dart slugs
  5 leopard geckos
  27 orcs
  3 giant cockroaches
  13 goblins
  12 hobgoblins
  A quokka (D:5)
  A ball python (D:2)
  A bat (D:3)
  5 frilled lizards
  10 kobolds
  A quokka zombie (D:5)
  3 rats
  2 fungi (D:7)
  2 plants (D:7)
215 creatures vanquished.

Vanquished Creatures (others)
  30 fungi (D:7)
  10 plants (D:7)
40 creatures vanquished.

Grand Total: 255 creatures vanquished

Notes
Turn   | Place    | Note
-------+----------+-------------------------------------------
     0 | D:1      | Gatewing the Demonspawn Gladiator began the quest for the
                  | Orb.
     0 | D:1      | Reached XP level 1. HP: 18/18 MP: 1/1
    21 | D:1      | Reached skill level 3 in Axes
    70 | D:1      | Gained mutation: You have a pair of small horns on your
                  | head. [demonic ancestry]
    70 | D:1      | Reached XP level 2. HP: 24/24 MP: 2/2
   539 | D:2      | Reached XP level 3. HP: 25/29 MP: 3/3
   569 | D:2      | Reached skill level 4 in Axes
   682 | D:2      | Noticed Sigmund
   695 | D:2      | Killed Sigmund
   696 | D:2      | Reached skill level 5 in Axes
   696 | D:2      | Reached XP level 4. HP: 28/35 MP: 4/4
   696 | D:2      | Gained mutation: You are surrounded by a mild repulsion
                  | field. (EV +2) [demonic ancestry]
   696 | D:2      | Reached XP level 5. HP: 33/41 MP: 5/5
  1228 | D:3      | Noticed Robin
  1250 | D:3      | Killed Robin
  1426 | D:3      | Reached skill level 6 in Axes
  1686 | D:3      | Reached XP level 6. HP: 32/47 MP: 6/6
  2103 | D:3      | Found a burning altar of Makhleb.
  2103 | D:3      | Noticed a cacodemon
  2108 | D:3      | Noticed a neqoxec
  2108 | D:3      | Noticed a neqoxec
  2110 | D:3      | Became a worshipper of Makhleb the Destroyer
  2472 | D:4      | Reached skill level 7 in Axes
  2537 | D:4      | Noticed a hippogriff
  2549 | D:4      | Killed a hippogriff
  2550 | D:4      | Gained mutation: You regenerate a little health from kills.
                  | [demonic ancestry]
  2550 | D:4      | Reached XP level 7. HP: 21/52 MP: 7/7
  2649 | D:4      | Reached skill level 8 in Axes
  2703 | D:4      | Found Xud Yvvoe's Distillery.
  2717 | D:4      | Bought a potion of curing for 32 gold pieces
  2717 | D:4      | Bought 2 potions of might for 104 gold pieces
  2898 | D:4      | Found a bloodstained altar of Trog.
  3399 | D:5      | Entered Level 5 of the Dungeon
  3454 | D:5      | Reached skill level 9 in Axes
  3454 | D:5      | Reached XP level 8. HP: 40/58 MP: 8/8
  3555 | D:5      | Reached * piety under Makhleb
  3572 | D:5      | Noticed Wachungys's ghost (novice NaVM)
  3576 | D:5      | Found a transporter.
  3579 | D:5      | Found a transporter.
  3649 | D:5      | Found an ornate altar of the Wu Jian Council.
  3649 | D:5      | Found a corrupted altar of Lugonu.
  3650 | D:5      | Found a shadowy altar of Dithmenos.
  3741 | D:5      | Found a staircase to the Ecumenical Temple.
  3928 | D:5      | Found Xoetot's General Store.
  3944 | D:5      | Bought a potion of heal wounds for 70 gold pieces
  3944 | D:5      | Bought a potion of flight for 56 gold pieces
  4199 | D:6      | Reached skill level 10 in Axes
  4227 | D:6      | Found Keawoko's Food Shoppe.
  4250 | D:6      | Found Uhedghounk's Antique Armour Boutique.
  4294 | D:6      | Found Hainut's Armour Shoppe.
  4323 | D:6      | Noticed a hippogriff
  4335 | D:6      | Killed a hippogriff
  4354 | D:6      | Bought a +0 buckler for 49 gold pieces
  4579 | D:6      | Reached skill level 11 in Axes
  4579 | D:6      | Gained mutation: You are surrounded by a moderate repulsion
                  | field. (EV +3) [demonic ancestry]
  4579 | D:6      | Reached XP level 9. HP: 59/63 MP: 9/9
  4614 | D:6      | Found Cuykk's Magic Scroll Shoppe.
  4827 | D:6      | Found Ilubb's Distillery.
  4838 | D:6      | Bought a potion of mutation for 104 gold pieces
  4847 | D:6      | Gained mutation: You tend to lose your temper in combat.
                  | [potion of mutation]
  4847 | D:6      | Gained mutation: You have large cloven feet. [potion of
                  | mutation]
  4989 | D:7      | Found a basalt altar of Yredelemnul.
  5161 | D:7      | Reached ** piety under Makhleb
  5282 | D:7      | Reached skill level 12 in Axes
  5326 | D:7      | Found a stormy altar of Qazlal.
  5410 | D:7      | Found a staircase to the Lair.
  5421 | D:7      | Noticed Prince Ribbit
  5432 | D:7      | Reached skill level 13 in Axes
  5482 | D:7      | Reached XP level 10. HP: 62/70 MP: 10/10
  5568 | D:7      | Found a shimmering altar of Xom.
  5576 | D:7      | Found a glowing silver altar of Zin.
  5742 | D:7      | Killed Prince Ribbit
  6059 | D:7      | Got a fading scale mail
  6304 | D:7      | Found a shattered altar of Ashenzari.
  6304 | D:7      | Found a snail-covered altar of Cheibriados.
  6342 | D:7      | Found a white marble altar of Elyvilon.
  6356 | D:7      | Found an opulent altar of Gozag.
  6402 | D:7      | Found a faded altar of an unknown god.
  6548 | D:7      | Identified the +2 scale mail "Zooz" {+Fly rF- Int+4} (You
                  | found it on level 7 of the Dungeon)
  6760 | D:8      | Reached skill level 1 in Armour
  6896 | D:8      | Reached *** piety under Makhleb
  6982 | D:8      | Lost mutation: You tend to lose your temper in combat.
                  | [potion of mutation]
  6982 | D:8      | Lost mutation: You have large cloven feet. [potion of
                  | mutation]
  6982 | D:8      | Gained mutation: Your body sometimes deteriorates upon
                  | taking damage. [potion of mutation]
  6982 | D:8      | Gained mutation: You are frail. (-10% HP) [potion of
                  | mutation]
  6982 | D:8      | Gained mutation: Scrolls take you a little longer to read.
                  | [potion of mutation]
  6982 | D:8      | Gained mutation: Your spells are a little harder to cast,
                  | but a little more powerful. [potion of mutation]
  6983 | D:8      | Lost mutation: Your spells are a little harder to cast, but
                  | a little more powerful. [potion of mutation]
  6983 | D:8      | Lost mutation: You are frail. (-10% HP) [potion of
                  | mutation]
  6983 | D:8      | Lost mutation: Your body sometimes deteriorates upon taking
                  | damage. [potion of mutation]
  6983 | D:8      | Lost mutation: Scrolls take you a little longer to read.
                  | [potion of mutation]
  6983 | D:8      | Gained mutation: Your muscles are strong. (Str +2) [potion
                  | of mutation]
  6983 | D:8      | Gained mutation: Your flesh is heat resistant. (rF+)
                  | [potion of mutation]
  6983 | D:8      | Gained mutation: You are agile. (Dex +2) [potion of
                  | mutation]
  7101 | D:8      | Noticed Psyche
  7208 | D:8      | Killed Psyche
  7209 | D:8      | Reached skill level 5 in Fighting
  7510 | D:9      | Found a radiant altar of Vehumet.
  7512 | D:9      | Noticed a centaur warrior
  7534 | D:9      | Killed a centaur warrior
  7548 | D:9      | Gained mutation: You have a pair of horns on your head.
                  | [demonic ancestry]
  7548 | D:9      | Reached XP level 11. HP: 63/81 MP: 11/11
  7627 | D:9      | Mangled by a very large slime creature

Skill      XL: |  1  2  3  4  5  6  7  8  9 10 |
---------------+-------------------------------+-----
Axes           | 3 5 6 7 9 11 13 | 13.8
Armour         | 4 |  4.5
Fighting       | 6 |  6.3
Throwing       | |  1.7
Dodging        | |  2.6

Action                   |  1- 3 |  4- 6 |  7- 9 | 10-12 || total
-------------------------+-------+-------+-------+-------++-------
Melee: War axe           |    50 |   139 |   276 |   208 ||   673
       Headbutt          |     9 |    21 |    42 |    32 ||   104
       Kick              |       |       |    27 |    38 ||    65
Throw: Throwing net      |     2 |     1 |     2 |       ||     5
  Use: Scroll            |     2 |    10 |     5 |     1 ||    18
       Potion            |       |     3 |     7 |     4 ||    14
 Stab: Sleeping          |     1 |       |       |       ||     1
       Held in net/web   |       |       |     1 |       ||     1
  Eat: Chunk             |     1 |     8 |    15 |    11 ||    35
       Ration            |       |     1 |     2 |       ||     3
Armor: Leather armour    |     8 |     1 |       |       ||     9
       Ring mail         |       |    34 |       |       ||    34
       Chain mail        |       |    18 |   125 |    61 ||   204
       Skin              |       |       |       |    10 ||    10
Dodge: Dodged            |    36 |   105 |   128 |   114 ||   383
